Map: Acid Plant LE

Players

Graveyard

  • Race: Zerg Zerg
  • League: Diamond
  • Spawn Location: 11:00

Lyn - Winner!

  • Race: Terran Terran
  • Spawn Location: 5:00

VOD

Have the link to the VOD?

Description

Time

  • Played on: April 13, 2018, 4:44 a.m.
  • Length: 30:52
Show
View Real Time Build Order
Export as new Build Order

Graveyard Zerg 

Build Orders: Hatch First 

Get SALT Encoding   

  12  0:00  Drone  
  13  0:13  Overlord  
  13  0:19  Drone  
  14  0:31  Drone x2  
  14  0:35  Drone  
  17  0:53  Hatchery  
  17  0:57  Drone  
  17  1:00  Drone  
  18  1:15  Extractor  
  18  1:16  Spawning Pool  
  16  1:18  Drone  
  16  1:22  Drone  
  18  1:29  Drone  
  19  1:44  Overlord  
  19  1:53  Drone  
  20  2:03  Zergling x2  
  20  2:06  Zergling x2  
  20  2:07  Queen x2  
  26  2:27  Drone x4  
  30  2:36  Hatchery  
  29  2:48  Metabolic Boost  
  29  2:53  Drone x3  
  29  2:56  Drone x2  
  34  3:06  Drone x2  
  34  3:09  Overlord  
  36  3:29  Zergling x6  
  36  3:32  Drone x4  
  36  3:33  Roach Warren  
  40  3:35  Queen  
  42  3:50  Extractor  
  42  3:51  Queen  
  42  3:52  Drone x5  
  48  4:16  Drone  
  49  4:17  Overlord  
  49  4:18  Overlord x2  
  49  4:25  Extractor  
  49  4:26  Drone  
  49  4:28  Overlord  
  49  4:39  Spine Crawler  
  49  4:41  Roach x5  
  49  4:42  Roach  
  49  4:43  Lair  
  60  4:48  Drone  
  60  4:49  Extractor  
  52  5:14  Drone  
  52  5:15  Drone x6  
  52  5:16  Drone  
  60  5:25  Roach x2  
  60  5:26  Roach x3  
  71  5:28  Drone x2  
  72  5:48  Hydralisk Den  
  71  5:52  Spore Crawler  
  71  5:53  Spore Crawler, Drone x6  
  71  5:55  Hatchery  
  74  5:57  Extractor  
  73  6:06  Drone x6  
  79  6:13  Drone x2  
  81  6:24  Overlord x3  
  62  6:59  Roach  
  62  7:00  Roach x2, Drone  
  62  7:01  Drone x12  
  69  7:11  Drone  
  70  7:17  Drone  
  70  7:31  Spine Crawler  
  67  7:38  Roach x6  
  67  7:39  Roach  
  67  7:43  Drone x2  
  83  7:45  Drone  
  83  7:47  Drone  
  83  7:50  Drone x2  
  87  7:52  Drone  
  64  8:21  Drone x14  
  64  8:22  Drone x2  
  64  8:25  Hydralisk  
  64  8:26  Hydralisk x2  
  84  8:28  Drone x2  
  84  8:30  Drone  
  87  8:41  Drone x2  
  87  8:46  Drone x6  
  95  8:50  Extractor  
  95  8:51  Extractor  
  93  9:00  Grooved Spines, Infestation Pit  
  92  9:06  Evolution Chamber  
  92  9:08  Evolution Chamber, Drone x11  
  101  9:15  Extractor  
  100  9:33  Zerg Missile Weapons Level 1  
  100  9:34  Zerg Ground Armor Level 1  
  100  9:35  Overlord  
  100  9:36  Overlord x2  
  100  9:38  Drone  
  100  9:39  Drone x3  
  100  9:42  Overlord x5  
  100  9:44  Overlord x2  
  104  9:56  Hydralisk x3  
  104  9:58  Overlord x2  
  97  10:09  Drone x7  
  97  10:11  Muscular Augments  
  97  10:13  Drone  
  104  10:20  Spine Crawler  
  103  10:23  Spine Crawler, Drone  
  103  10:25  Spine Crawler  
  103  10:26  Drone  
  103  10:27  Drone x2  
  105  10:30  Hive  
  105  10:43  Overlord, Hydralisk x6  
  105  10:44  Hydralisk x3  
  123  10:50  Hydralisk x2, Hatchery  
  123  10:53  Hatchery  
  125  11:00  Drone  
  126  11:05  Drone  
  127  11:16  Extractor  
  126  11:25  Drone x3  
  129  11:26  Drone  
  129  11:31  Zerg Missile Weapons Level 2, Zerg Ground Armor Level 2  
  130  11:37  Spire  
  129  11:40  Viper x2  
  129  11:41  Viper  
  138  11:53  Drone x6  
  144  12:25  Hydralisk  
  144  12:26  Hydralisk x5  
  144  12:27  Hydralisk x7  
  144  12:28  Hydralisk x2  
  144  12:29  Hydralisk x7  
  182  12:30  Hydralisk  
  182  12:33  Zergling x6  
  182  12:34  Roach x3  
  182  12:36  Drone  
  200  12:42  Extractor  
  200  12:43  Extractor  
  200  12:44  Drone  
  199  12:50  Greater Spire  
  199  12:54  Spire  
  198  13:29  Drone x2  
  192  14:13  Viper x3  
  198  14:20  Extractor  
  198  14:21  Corruptor x2, Extractor  
  198  14:41  Zerg Missile Weapons Level 3, Zerg Ground Armor Level 3  
  188  15:19  Corruptor x3  
  188  15:20  Corruptor x2  
  182  15:36  Overlord x3, Hydralisk  
  182  15:37  Hydralisk x3  
  182  15:41  Brood Lord  
  192  16:18  Brood Lord x2  
  192  16:19  Brood Lord  
  198  17:01  Overseer x2  
  134  17:37  Hydralisk x4  
  134  17:38  Hydralisk x13  
  138  18:03  Corruptor  
  138  18:04  Corruptor x6  
  148  18:08  Corruptor x2  
  148  18:09  Hydralisk x7  
  148  18:10  Hydralisk x4  
  170  18:16  Queen  
  168  18:28  Brood Lord x3  
  168  18:32  Hatchery  
  173  18:35  Viper x5  
  173  18:41  Brood Lord x2  
  194  18:48  Brood Lord x2  
  194  18:49  Brood Lord x2  
  194  18:51  Zerg Flyer Weapons Level 1  
  194  18:52  Zerg Flyer Armor Level 1  
  166  19:46  Hydralisk x2  
  166  19:47  Hydralisk x7  
  166  19:48  Hydralisk x6  
  192  19:59  Hydralisk x4  
  195  20:35  Hydralisk x12  
  133  20:36  Hydralisk x7  
  167  20:44  Zergling x6  
  167  20:48  Adrenal Glands  
  170  21:04  Zergling x2  
  170  21:05  Zergling x14  
  170  21:06  Zergling x6  
  170  21:07  Zerg Melee Weapons Level 1  
  181  21:15  Viper  
  181  21:16  Viper  
  158  21:41  Brood Lord x3  
  158  21:42  Zergling x2  
  158  21:43  Zergling x8  
  158  21:44  Zergling x2  
  168  21:48  Extractor  
  168  21:49  Extractor  
  166  21:57  Zergling x4  
  166  21:58  Zergling x10, Hydralisk x5  
  166  21:59  Hydralisk x8  
  199  22:01  Hatchery  
  199  22:03  Hatchery  
  185  22:29  Zergling x6  
  182  22:39  Pneumatized Carapace  
  182  22:49  Drone  
  172  22:56  Corruptor x2  
  172  22:58  Overseer  
  163  23:11  Hydralisk x2  
  163  23:12  Hydralisk x4  
  116  23:15  Hydralisk x7  
  116  23:16  Hydralisk x5  
  136  23:20  Queen  
  136  23:21  Queen x3, Hydralisk x2  
  136  23:24  Hydralisk x4  
  160  23:29  Hydralisk x4  
  150  23:56  Queen x2  
  150  24:01  Hydralisk x5  
  142  24:03  Corruptor x3  
  142  24:04  Corruptor x7  
  142  24:06  Hydralisk  
  142  24:07  Hydralisk x4  
  144  24:38  Hydralisk  
  144  24:39  Hydralisk x7  
  144  24:40  Hydralisk x2  
  144  24:43  Hydralisk x7  
  144  24:44  Hydralisk x3  
  182  24:46  Queen x2  
  182  24:49  Viper x2  
  182  24:52  Overlord x3  
  192  25:05  Hatchery  
  182  25:09  Brood Lord  
  182  25:10  Brood Lord x2  
  178  25:28  Brood Lord  
  178  25:29  Brood Lord x3  
  136  25:56  Corruptor x2  
  138  26:01  Drone x3  
  143  26:04  Drone x7  
  148  26:14  Hatchery  
  121  26:35  Overseer x4  
  121  26:36  Overseer  
  83  26:49  Hydralisk x2  
  83  26:50  Zergling x2  
  83  26:51  Zergling x18  
  95  27:05  Hatchery  
  95  27:06  Drone  
  95  27:07  Drone  
  83  27:26  Hydralisk x6  
  83  27:28  Zergling x10  
  88  27:39  Extractor  
  82  27:59  Brood Lord  
  81  28:08  Drone x2  
  83  28:14  Hydralisk x4  
  83  28:15  Zergling x2  
  83  28:16  Zergling x8  
  83  28:17  Zergling x2  
  83  28:18  Zergling x16  
  101  28:21  Zergling x2  
  92  28:35  Brood Lord  
  92  28:38  Drone  
  92  28:39  Drone x2  
  93  28:53  Hydralisk x4  
  92  29:09  Zergling x8  
  97  29:10  Zergling x14  
  97  29:11  Zergling x6  
  97  29:13  Zergling x8  
  97  29:14  Zergling x2  
  105  29:23  Hydralisk  
  105  29:24  Hydralisk  
  26  29:48  Zergling x6  
  26  29:49  Zergling x24  
  41  30:04  Infestor x2  
  38  30:33  Zergling x4  
  38  30:34  Zergling x16  
  38  30:35  Zergling x4  
Show
View Real Time Build Order
Export as new Build Order

Lyn Terran - Winner!

Build Orders: Hellion Opening, Mech 

Get SALT Encoding   

  12  0:01  SCV  
  13  0:13  SCV  
  14  0:19  Supply Depot  
  14  0:25  SCV  
  15  0:40  SCV  
  16  0:42  Barracks  
  16  0:50  Refinery  
  16  0:52  SCV  
  17  1:04  SCV  
  18  1:21  SCV  
  19  1:31  Marine  
  20  1:33  Orbital Command  
  20  1:54  Command Center  
  20  2:03  SCV  
  21  2:10  Barracks Reactor  
  21  2:12  Factory  
  22  2:15  SCV  
  22  2:19  Supply Depot  
  22  2:27  SCV  
  23  2:40  SCV  
  23  2:52  SCV  
  24  3:01  Barracks Tech Lab  
  24  3:04  SCV, Hellion x2  
  29  3:06  Orbital Command  
  29  3:17  SCV  
  30  3:25  Hellion x2  
  34  3:34  SCV x2  
  36  3:46  Hellion  
  36  3:47  Hellion  
  36  3:48  Command Center  
  40  3:50  SCV  
  40  3:51  SCV  
  40  3:52  Factory  
  42  4:02  SCV  
  43  4:04  SCV, Supply Depot  
  43  4:08  Hellion  
  46  4:25  SCV  
  46  4:26  SCV, Hellion  
  46  4:29  Supply Depot  
  50  4:36  Supply Depot  
  50  4:38  SCV x2  
  52  4:42  Factory  
  52  4:50  SCV x2  
  52  4:51  Siege Tank  
  55  5:02  SCV  
  55  5:06  SCV, Hellion x2  
  56  5:09  Orbital Command  
  56  5:13  Starport  
  55  5:14  SCV  
  55  5:15  Refinery x2  
  55  5:18  SCV  
  57  5:25  Factory Tech Lab  
  57  5:29  Hellion  
  57  5:30  SCV x2, Hellion  
  57  5:33  Refinery  
  63  5:39  Supply Depot  
  63  5:40  SCV  
  63  5:42  SCV  
  65  5:43  Siege Tank  
  65  5:45  SCV  
  69  5:51  Starport Tech Lab  
  69  5:52  SCV  
  69  5:55  Viking  
  73  5:57  SCV x2  
  73  6:00  Engineering Bay, Hellion  
  73  6:01  Hellion x2  
  80  6:10  SCV x2  
  82  6:17  Siege Tank  
  85  6:26  Starport Tech Lab  
  85  6:28  SCV x2  
  85  6:29  Hellion  
  85  6:30  Hellion, Widow Mine  
  89  7:00  Siege Tank x2  
  91  7:02  SCV x2  
  85  7:09  Hellion x2  
  85  7:11  SCV, Raven  
  85  7:14  SCV  
  93  7:16  Orbital Command  
  93  7:24  Supply Depot  
  93  7:26  Supply Depot  
  93  7:27  Supply Depot  
  92  7:37  SCV  
  92  7:40  Armory x2  
  92  7:41  Infernal Pre-Igniter  
  92  7:43  SCV, Barracks Tech Lab  
  94  7:46  SCV  
  94  7:49  SCV  
  96  7:55  SCV  
  96  7:58  SCV  
  98  8:04  SCV  
  97  8:07  SCV  
  97  8:10  SCV  
  103  8:13  Hellion x3, Siege Tank  
  103  8:18  SCV  
  103  8:19  SCV  
  106  8:21  Refinery  
  106  8:22  SCV  
  106  8:23  Refinery  
  107  8:33  Missile Turret  
  107  8:34  Siege Tank  
  107  8:35  Missile Turret, Terran Vehicle And Ship Armor Level 1, Terran Vehicle Weapons Level 1  
  107  8:36  Missile Turret  
  107  8:37  Missile Turret  
  110  8:41  Missile Turret  
  110  8:42  Missile Turret  
  110  8:43  Missile Turret  
  110  8:45  Thor  
  116  8:53  Supply Depot  
  116  8:54  Supply Depot  
  116  8:59  Missile Turret  
  116  9:06  Thor  
  116  9:09  Missile Turret  
  123  9:10  SCV x3  
  125  9:19  Missile Turret x2  
  125  9:22  Missile Turret, SCV x2  
  125  9:23  SCV  
  128  9:25  Factory  
  128  9:28  Command Center  
  128  9:29  Barracks Tech Lab  
  128  9:34  SCV x2  
  130  9:48  Siege Tank  
  130  9:49  Hellbat x3  
  130  9:51  SCV x2  
  131  10:09  SCV x3  
  131  10:10  Hellbat x2  
  131  10:11  Hellbat  
  138  10:14  Siege Tank  
  138  10:19  Factory  
  138  10:20  Hellbat  
  143  10:32  Hellbat, Starport  
  143  10:33  Terran Vehicle Weapons Level 2, Missile Turret, Terran Vehicle And Ship Armor Level 2  
  143  10:35  Missile Turret x2, Sensor Tower  
  145  10:42  Hellbat x3  
  151  10:43  Sensor Tower  
  151  10:46  Siege Tank  
  151  10:48  Barracks Tech Lab  
  153  10:56  Refinery  
  153  10:58  Supply Depot  
  153  11:00  Refinery  
  153  11:02  Missile Turret  
  153  11:15  Hellbat  
  153  11:17  Raven x2  
  159  11:18  Corvid Reactor  
  159  11:21  Planetary Fortress  
  159  11:34  Smart Servos  
  159  11:35  Factory Tech Lab  
  157  11:48  Barracks  
  157  11:57  Thor  
  157  11:59  Barracks, Siege Tank x2  
  157  12:00  Hellbat  
  171  12:03  Supply Depot  
  171  12:07  Command Center, Raven x2, Hellbat  
  177  12:32  Missile Turret  
  177  12:33  Missile Turret  
  177  12:34  Missile Turret  
  177  12:35  Missile Turret  
  177  12:44  Barracks Tech Lab  
  177  12:45  Hi-Sec Auto Tracking  
  177  12:47  Barracks Tech Lab  
  177  12:49  Raven x2  
  177  12:51  Terran Vehicle And Ship Armor Level 3, Terran Vehicle Weapons Level 3, Ghost Academy  
  181  12:59  Missile Turret, Supply Depot  
  181  13:05  Missile Turret x2  
  181  13:26  Personal Cloaking  
  181  13:29  Thor  
  181  13:32  Raven x2  
  186  14:20  Raven x2  
  190  14:32  Missile Turret  
  190  14:34  Missile Turret  
  190  14:35  Missile Turret  
  188  15:11  Planetary Fortress  
  185  15:21  Missile Turret  
  183  15:25  Missile Turret  
  183  15:26  Refinery  
  183  15:27  Refinery  
  173  15:29  Sensor Tower  
  173  15:50  Raven x2  
  173  15:51  Hellbat, Siege Tank x2  
  173  15:52  Hellbat  
  173  15:56  Building Armor  
  185  16:40  Raven x2  
  185  16:41  Ghost x3  
  195  17:29  Command Center  
  120  17:48  Thor x2, Siege Tank x2  
  127  18:18  Raven  
  127  18:19  Raven, Thor, Ghost x2  
  133  18:20  Thor  
  149  18:30  Thor  
  149  18:31  Thor  
  159  18:38  Sensor Tower  
  159  18:43  Barracks Tech Lab  
  159  18:47  Ghost  
  159  18:48  Ghost  
  161  18:54  Hellbat x2  
  167  19:00  Missile Turret  
  167  19:01  Raven  
  167  19:02  Thor  
  175  19:10  Ghost  
  175  19:15  Missile Turret  
  174  19:34  Missile Turret  
  174  19:35  Missile Turret  
  166  19:51  Missile Turret  
  166  19:56  Command Center  
  166  20:05  Refinery  
  170  20:07  Hellbat x5  
  170  20:08  Raven x2  
  180  20:18  SCV x3  
  180  20:19  SCV  
  177  20:30  SCV  
  159  20:46  Ghost x3  
  163  21:36  Ghost x3  
  164  21:47  Missile Turret  
  164  21:48  Siege Tank x3  
  164  21:49  Hellbat x3  
  173  22:13  Ghost x3  
  179  22:38  Refinery  
  169  23:21  Hellbat x4  
  169  23:22  Hellbat x2  
  178  24:01  Hellion x6  
  163  24:50  Siege Tank x2  
  163  24:51  Hellbat x4  
  163  24:52  Raven x2  
  169  25:20  Hellbat  
  169  25:21  Hellbat x3  
  177  25:22  Hellbat  
  179  25:31  Orbital Command  
  175  25:56  Raven x2  
  177  26:12  Thor x3  
  189  26:20  Missile Turret, Command Center  
  183  26:53  Ghost  
  183  26:54  Ghost x2  
  189  27:08  Refinery  
  189  27:14  Hellion  
  189  27:22  Ghost  
  190  27:31  Thor  
  196  27:50  Missile Turret  
  196  27:52  Missile Turret  
  196  27:53  Refinery  
  196  27:54  Missile Turret, Refinery  
  194  28:54  Hellbat  
  194  28:55  Hellbat x3  
  188  29:53  Planetary Fortress  
  188  29:57  Missile Turret  
  186  30:15  Hellbat  
  186  30:16  Hellbat x5  
Tags
 
Composition
Mech
League
Diamond
Matchup
TvZ
Spawn Locations
Cross Positions
Add a new tag
Caveats
  • Supply blocks, unpowered buildings, or Contaminate may cause inaccurate times.
  • Supply counts are checked every 10 seconds.